AoeStats
← charles.lmiranda

Arabia

506039979Analyzed
3v3 RM · 21d ago on Sep 12, 2026· 56m 26s· 6 players
Game mode
Random Map
Map size
Normal (6 player)
Population
200
Speed
Normal
Resources
Standard
Victory
Conquest
Starting age
Dark Age
Ending age
Imperial Age
RankedLock teamsTeams togetherTeam positionsShared explorationLock speedFull tech treeHidden civsTurbo modeCheats
Victory
Defeat
🇧🇷 Maya · Brazil
827
+9
🇨🇦 Vietnamese · Canada
776
+11
🇨🇦 Persians · Canada
498
+39
🇵🇪 Huns · Peru
749
-18
🇵🇪 Sicilians · Peru
626
-13
🇵🇪 Persians · Peru
612
-12
s1d
10:19 Feudal Age
13:07 Arson
12:47 Man-at-Arms
13:39 Horse Collar
14:05 Gold Mining
25:10 Padded Archer Armor
25:15 Scale Mail Armor
25:25 Forging
28:52 Castle Age
27:37 Stone Mining
27:46 Double-Bit Axe
29:26 Eagle Warrior
30:34 Bow Saw
30:30 Heavy Plow
30:09 Pikeman
30:51 Squires
30:40 Long Swordsman
34:23 Stone Shaft Mining
36:12 Wheelbarrow
43:13 Hand Cart
47:38 Imperial Age
44:53 Loom
46:42 Padded Archer Armor
46:33 Fletching
47:18 Iron Casting
46:59 Chain Mail Armor
47:52 Town Watch
48:49 Crop Rotation
49:23 Two-Man Saw
48:16 Elite Eagle Warrior
50:31 Holcans
51:51 Halberdier
52:40 Heavy Scorpion
Fritz_Hoff
10:38 Feudal Age
13:05 Double-Bit Axe
13:03 Horse Collar
15:26 Loom
16:20 Wheelbarrow
16:34 Fletching
20:52 Padded Archer Armor
22:59 Forging
26:36 Castle Age
24:54 Man-at-Arms
26:40 Scale Mail Armor
26:43 Long Swordsman
30:07 Hand Cart
30:26 Thumb Ring
29:55 Crossbowman
30:22 Treadmill Crane
31:02 Ballistics
30:35 Elite Skirmisher
31:46 Bow Saw
33:18 Leather Archer Armor
33:51 Gold Mining
36:04 Thumb Ring
38:11 Iron Casting
39:04 Squires
38:31 Pikeman
39:17 Squires
40:03 Bodkin Arrow
40:23 Chain Mail Armor
55:27 Imperial Age
56:58 Heavy Plow
58:04 Two-Man Saw
charles.lmiranda
12:02 Feudal Age
15:52 Gold Mining
15:52 Double-Bit Axe
24:01 Loom
23:52 Man-at-Arms
24:22 Horse Collar
26:16 Wheelbarrow
26:29 Bloodlines
31:50 Castle Age
31:35 Forging
31:30 Scale Barding Armor
31:27 Scale Mail Armor
34:22 Parthian Tactics
33:19 Crossbowman
38:00 Iron Casting
37:49 Chain Barding Armor
37:33 Padded Archer Armor
37:26 Fletching
38:20 Husbandry
37:51 Light Cavalry
41:39 Bow Saw
42:09 Gold Shaft Mining
41:25 Stone Mining
43:55 Elite Skirmisher
44:43 Thumb Ring
47:40 Imperial Age
48:27 Fishing Lines
50:03 Stone Shaft Mining
49:34 Heavy Plow
49:58 Hand Cart
49:30 Hussar
55:24 Cavalier
55:31 Heavy Camel Rider
55:42 Imperial Skirmisher
SeduN giordota.com
3:25 Loom
13:07 Feudal Age
13:45 Double-Bit Axe
15:36 Bloodlines
15:47 Scale Barding Armor
29:48 Horse Collar
33:18 Wheelbarrow
36:29 Castle Age
40:31 Padded Archer Armor
40:22 Fletching
41:11 Bow Saw
41:26 Hand Cart
41:13 Heavy Plow
41:42 Elite Skirmisher
43:01 Gold Mining
43:59 Ballistics
47:28 Stone Mining
49:06 Bodkin Arrow
49:26 Leather Archer Armor
Lisan al Gaib
1:27 Loom
10:46 Feudal Age
11:58 Wheelbarrow
13:40 Bloodlines
16:27 Double-Bit Axe
18:37 Man-at-Arms
24:43 Castle Age
23:05 Horse Collar
24:01 Stone Mining
24:25 Scale Mail Armor
26:53 Hand Cart
27:28 Gold Mining
31:18 Heavy Plow
39:33 Imperial Age
41:10 Crop Rotation
40:57 Bow Saw
41:25 Scale Barding Armor
41:24 Padded Archer Armor
41:15 Fletching
42:22 Conscription
44:55 Town Watch
44:35 Elite War Elephant
53:02 Chain Barding Armor
52:58 Leather Archer Armor
52:39 Bodkin Arrow
markex_22
13:38 Feudal Age
28:16 Gold Mining
28:21 Horse Collar
28:30 Double-Bit Axe
28:39 Stone Mining
30:01 Wheelbarrow
47:04 Forging
46:54 Scale Mail Armor
Connection lost

Rejoining the realm…

Still unreachable

The connection could not be restored.

Session expired

The server has moved on; the page needs a fresh start.